 Dungeon Crawl Stone Soup version 0.17.1-3-g152610e (webtiles) character file.

47 Goblin1989 the Purveyor of Pain (level 3, 0/25 HPs)
             Began as a Demonspawn Necromancer on Feb 18, 2016.
             Was an Initiate of Kikubaaqudgha.
             Slain by an adder (3 damage)
             ... on level 1 of the Dungeon.
             The game lasted 00:06:44 (2208 turns).

Goblin1989 the Purveyor of Pain (DsNe)              Turns: 2208, Time: 00:06:45

Health: 0/25       AC:  2    Str:  8    XL:     3   Next: 48%
Magic:  1/6        EV: 12    Int: 17    God:    Kikubaaqudgha [......]
Gold:   34         SH:  0    Dex: 13    Spells: 3 memorised, 1 level left

rFire  . . .     SeeInvis .       - Unarmed
rCold  . . .     Clarity  .     a - +0 robe
rNeg   . . .     SustAt   .     (no shield)
rPois  .         Gourm    .     (no helmet)
rElec  .         Spirit   .     (no cloak)
rCorr  .         Warding  .     (no gloves)
rMut   .         Stasis   .     (no boots)
MR     .....                    (no amulet)
Stlth  ++........               (no ring)
                                (no ring)

@: very slightly contaminated, not resistant to hostile enchantments, unstealthy
A: claws 1
a: Renounce Religion


You were on level 1 of the Dungeon.
You worshipped Kikubaaqudgha.
Kikubaaqudgha was noncommittal.
You were not hungry.

You visited 1 branch of the dungeon, and saw 2 of its levels.

You collected 34 gold pieces.

Inventory:

Missiles
 e - 58 stones (quivered)
Armour
 a - a +0 robe (worn)
 n - a +0 cloak
Scrolls
 d - 2 scrolls of immolation {unknown}
 h - a scroll of teleportation {unknown}
 j - 2 scrolls of enchant armour {unknown}
 l - a scroll of remove curse {unknown}
Potions
 g - 2 potions of haste {unknown}
 k - a potion of heal wounds {unknown}
Books
 b - a book of Necromancy

   Spells                             Type                      Level
   a - Pain                           Necromancy                   1
   b - Animate Skeleton               Necromancy                   1
   c - Vampiric Draining              Necromancy                   3
   d - Regeneration                   Charms/Necromancy            3
   e - Animate Dead                   Necromancy                   4
   f - Control Undead                 Necromancy                   4
Comestibles
 c - a bread ration
 f - a chunk of flesh
 i - a beef jerky
 m - a meat ration


   Skills:
 + Level 0.6 Fighting
 - Level 2.0 Dodging
 - Level 1.7 Stealth
 * Level 1.0 Unarmed Combat
 - Level 2.3 Spellcasting
 + Level 0.1 Charms
 - Level 5.0 Necromancy


You had one spell level left.
You knew the following spells:

 Your Spells              Type           Power        Failure   Level  Hunger
a - Pain                  Necr           ###.         2%          1    #......
b - Animate Skeleton      Necr           N/A          2%          1    #......
c - Regeneration          Chrm/Necr      ##........   21%         3    ###....


Dungeon Overview and Level Annotations

Branches:
Dungeon (2/15)

Altars:
Fedhas
Gozag
Kikubaaqudgha
Nemelex Xobeh
Qazlal
Xom


Innate Abilities, Weirdness & Mutations

You have sharp fingernails.


Message History

You are feeling hungry.
There is a stone staircase leading down here.
Unknown command.
You start resting.
Eating one of 2 chunks of flesh.
This raw flesh tastes terrible.
* * * LOW HITPOINT WARNING * * *
You feel sick.
You are no longer poisoned.
You continue eating. x2
You start resting.
Your magical contamination has completely faded away.
You start resting.
An adder comes up the stairs.
Casting: Regeneration
Confirm with . or Enter, or press ? or * to list all spells.
You miscast Regeneration.
You are very lightly contaminated with residual magic.
You feel a strange surge of energy! The adder bites you.
You die...
Kikubaaqudgha rasps: "You have failed me!
Welcome... death!"

#######≈§§≈≈≈#≈§≈§≈≈.#.........#.
≈≈PP.≈≈≈≈§≈≈≈§§§§....#.##..##..#.
≈≈...≈≈≈§§≈≈≈≈......##.........#.
≈≈.PP§≈§........§.###............
..§...P.......#####........##..##
.Z.......######................##
###.######..........#..#.........
...........#####.S>.##.#.#.##..#.
...#############@#..##.#.#.##..#.
..........##.....#......Z..##..#.
.................#..#.##.#.##..#.
..........######.#..#.##.#..Z....
..........######.#....##.........
########............#########....
# #..###.##.#.......#####.#. #
#..###.##................. #
#...##.####..#..#.#####.#.


You could see an adder.

Vanquished Creatures
  An adder (D:2)
  An ooze (D:1)
  3 goblins (D:1)
  5 hobgoblins
  5 kobolds
  2 bats (D:1)
  A giant gecko (D:1)
  A giant newt (D:1)
  5 rats
24 creatures vanquished.

Vanquished Creatures (collateral kills)
  An ooze (D:1)
  A worm (D:2)
  3 goblins (D:1)
  A kobold (D:1)
6 creatures vanquished.

Grand Total: 30 creatures vanquished

Notes
Turn   | Place    | Note
--------------------------------------------------------------
     0 | D:1      | Goblin1989 the Demonspawn Necromancer began the quest for the Orb.
     0 | D:1      | Reached XP level 1. HP: 13/13 MP: 3/3
   816 | D:1      | Gained mutation: You have sharp fingernails. [demonic ancestry]
   816 | D:1      | Reached XP level 2. HP: 10/19 MP: 5/5
   986 | D:1      | Learned a level 1 spell: Animate Skeleton
  1363 | D:1      | Reached skill level 5 in Necromancy
  1657 | D:1      | Reached XP level 3. HP: 24/24 MP: 6/6
  1962 | D:2      | Found a sparkling altar of Nemelex Xobeh.
  1992 | D:2      | Learned a level 3 spell: Regeneration
  2086 | D:2      | Found a shimmering altar of Xom.
  2090 | D:2      | Found an ancient bone altar of Kikubaaqudgha.
  2092 | D:2      | Found a stormy altar of Qazlal.
  2092 | D:2      | Found an opulent altar of Gozag.
  2094 | D:2      | Found a blossoming altar of Fedhas.
  2107 | D:2      | Became a worshipper of Kikubaaqudgha
  2164 | D:2      | Reached skill level 1 in Unarmed Combat
  2187 | D:1      | HP: 1/25 [poisoned by an adder]
  2208 | D:1      | Slain by an adder

Action                   || total
-------------------------++-------
Melee: Unarmed           ||    78
       Dagger            ||     6
       Spear             ||     6
Throw: Stone             ||    10
 Cast: Pain              ||     8
       Animate Skeleton  ||    11
       Regeneration      ||     1
 Stab: Sleeping          ||     7
  Eat: Chunk             ||     5
